Map: Automaton LE

Players

HellraiseR

  • Race: Protoss Protoss
  • League: Master
  • Spawn Location: 9:00

Lambo - Winner!

  • Race: Zerg Zerg
  • League: Grandmaster
  • Spawn Location: 3:00

VOD

Have the link to the VOD?

Description

Time

  • Played on: Dec. 2, 2018, 2:42 p.m.
  • Length: 11:47
Show
View Real Time Build Order
Export as new Build Order

HellraiseR Protoss 

Build Orders: 1 Gate Expand, Oracle Opening, Phoenix Opening, Zealot Archon, Archon Drop 

Get SALT Encoding   

  12  0:00  Probe  
  13  0:13  Probe  
  14  0:19  Pylon  
  14  0:23  Probe  
  15  0:33  Probe  
  15  0:38  Gateway  
  15  0:42  Probe  
  16  0:47  Assimilator  
  17  0:54  Probe  
  18  1:06  Probe  
  19  1:21  Nexus  
  19  1:25  Probe  
  20  1:34  Cybernetics Core  
  20  1:38  Probe  
  21  1:45  Assimilator  
  21  1:50  Probe  
  21  1:53  Pylon  
  22  1:59  Probe  
  22  2:03  Adept  
  22  2:07  Probe  
  26  2:16  Probe  
  27  2:24  Stargate  
  27  2:29  Probe, Adept  
  28  2:30  Probe  
  31  2:38  Probe, Warp Gate  
  31  2:41  Probe  
  33  2:49  Probe  
  34  2:53  Probe  
  35  2:59  Phoenix  
  35  3:01  Probe  
  35  3:05  Probe  
  37  3:10  Gateway  
  39  3:13  Probe  
  39  3:15  Oracle  
  39  3:17  Probe  
  39  3:18  Pylon  
  41  3:25  Probe  
  45  3:29  Probe  
  45  3:33  Assimilator  
  46  3:34  Assimilator  
  46  3:38  Probe  
  47  3:41  Probe  
  47  3:47  Robotics Facility  
  48  3:50  Probe  
  48  3:53  Probe  
  50  4:00  Twilight Council  
  50  4:02  Probe  
  51  4:05  Probe  
  51  4:07  Gateway  
  51  4:08  Gateway  
  52  4:22  Pylon  
  52  4:25  Warp Prism  
  52  4:27  Gateway  
  52  4:28  Gateway  
  52  4:37  Templar Archives  
  54  4:43  Charge  
  54  4:46  Zealot x2  
  54  4:50  Probe x2  
  60  5:03  Pylon  
  60  5:09  Nexus  
  60  5:12  Pylon  
  60  5:14  Probe  
  61  5:15  Probe  
  62  5:26  Probe  
  62  5:27  High Templar x3  
  69  5:30  High Templar  
  69  5:32  Zealot x2  
  69  5:33  Archon  
  69  5:34  Probe, Archon  
  76  5:38  Pylon  
  76  5:41  Forge  
  76  5:44  Probe  
  76  5:46  Probe  
  78  5:56  Protoss Ground Weapons Level 1  
  78  5:57  Zealot x2  
  78  6:00  High Templar x2  
  78  6:01  Pylon  
  86  6:04  Archon  
  86  6:11  Pylon  
  86  6:12  Pylon  
  86  6:18  Probe  
  86  6:19  Probe, Immortal  
  86  6:21  Probe  
  93  6:26  Probe  
  93  6:27  Zealot  
  93  6:29  Probe  
  93  6:31  Probe  
  97  6:34  Probe  
  97  6:35  Robotics Bay  
  97  6:38  Probe  
  99  6:43  Probe  
  99  6:46  Probe  
  102  6:48  Immortal  
  102  6:50  Probe  
  103  6:55  Probe  
  103  6:58  Probe  
  107  7:02  Blink  
  107  7:03  Probe  
  107  7:06  Assimilator  
  107  7:07  Probe  
  107  7:08  Assimilator  
  107  7:09  Gateway x2  
  107  7:17  Sentry  
  107  7:18  Stalker x4  
  107  7:22  Disruptor  
  117  7:23  Probe  
  118  7:34  Zealot  
  118  7:36  Pylon  
  121  7:37  Pylon  
  121  7:42  Photon Cannon  
  121  7:43  Pylon  
  121  7:47  Disruptor  
  119  7:57  Zealot x6  
  126  8:10  Photon Cannon  
  126  8:11  Stalker x2  
  130  8:13  Pylon  
  130  8:16  Observer  
  130  8:17  Stalker x2  
  130  8:18  Stalker x2, Sentry  
  140  8:22  Pylon, Protoss Ground Weapons Level 2  
  133  8:49  Photon Cannon  
  127  8:56  Stalker x7  
  127  8:57  Stalker  
  129  9:22  Stalker x7, Colossus  
  129  9:23  Stalker  
  122  9:53  Zealot x6  
  122  9:54  Zealot x2  
  134  10:06  Probe x2  
  128  10:07  Probe, Colossus  
  126  10:14  High Templar x3  
  126  10:15  High Templar  
  126  10:16  Zealot x4  
  126  10:20  Archon x2  
  145  10:39  Stalker x2  
  126  10:50  Stalker x2  
  126  10:51  Stalker x4  
  126  10:53  Colossus  
  121  11:17  Stalker x5  
  127  11:20  Probe x2, Zealot x2  
  127  11:21  Probe  
  121  11:32  Probe  
Show
View Real Time Build Order
Export as new Build Order

Lambo Zerg - Winner!

Build Orders: Hatch First, Swarm Host 

Get SALT Encoding   

  12  0:00  Drone  
  13  0:12  Overlord  
  13  0:17  Drone  
  14  0:32  Drone  
  14  0:33  Drone  
  16  0:50  Hatchery  
  16  0:53  Drone  
  16  0:56  Drone  
  17  1:00  Drone  
  18  1:10  Extractor  
  17  1:15  Spawning Pool  
  16  1:19  Drone  
  16  1:22  Drone  
  18  1:27  Drone  
  19  1:39  Drone  
  20  1:52  Overlord  
  20  2:03  Queen x2  
  20  2:04  Zergling x4  
  26  2:11  Metabolic Boost  
  26  2:16  Drone x2  
  28  2:23  Drone  
  28  2:24  Drone  
  30  2:39  Hatchery  
  30  2:43  Drone  
  30  2:44  Drone  
  30  2:47  Drone  
  30  2:51  Overlord  
  32  2:55  Drone  
  33  3:01  Queen  
  35  3:07  Drone  
  35  3:11  Drone x2  
  35  3:12  Drone x2  
  40  3:14  Drone  
  40  3:18  Overlord  
  41  3:20  Drone  
  41  3:24  Drone  
  43  3:28  Overlord  
  43  3:29  Drone  
  44  3:38  Queen  
  44  3:40  Drone x2  
  48  3:50  Drone x2  
  48  3:51  Drone  
  48  3:53  Queen  
  48  3:55  Spore Crawler  
  52  3:58  Spore Crawler  
  52  3:59  Drone  
  52  4:06  Overlord  
  52  4:08  Drone x2  
  52  4:09  Overlord  
  54  4:13  Zergling x2, Drone x3  
  58  4:17  Drone  
  58  4:22  Overlord  
  58  4:23  Lair  
  58  4:27  Roach Warren, Drone  
  58  4:32  Drone x3  
  58  4:35  Extractor, Drone  
  58  4:36  Drone  
  58  4:37  Extractor, Drone  
  62  4:38  Drone  
  62  4:45  Drone x3  
  68  4:53  Overlord  
  68  4:54  Drone x3  
  68  4:55  Drone  
  72  5:05  Overlord  
  72  5:08  Drone x2  
  72  5:11  Extractor x2  
  72  5:12  Evolution Chamber  
  72  5:13  Overlord  
  71  5:15  Roach x4  
  71  5:20  Roach  
  71  5:21  Roach x3  
  85  5:25  Roach  
  85  5:26  Roach x3  
  93  5:28  Overlord  
  93  5:29  Glial Reconstitution  
  93  5:31  Roach  
  99  5:35  Roach x2  
  99  5:41  Roach x2  
  103  5:43  Drone  
  103  5:45  Zerg Missile Weapons Level 1  
  103  5:49  Drone x2  
  106  5:54  Drone x2  
  106  5:55  Drone  
  109  5:59  Drone x5  
  109  6:04  Infestation Pit  
  113  6:09  Drone  
  113  6:10  Extractor, Overlord  
  113  6:11  Overlord  
  113  6:12  Overlord  
  113  6:20  Spine Crawler  
  112  6:26  Roach, Overlord  
  112  6:27  Overlord  
  112  6:30  Overlord  
  112  6:31  Roach x4  
  112  6:32  Roach  
  123  6:34  Roach x2  
  123  6:37  Roach  
  123  6:38  Roach  
  131  6:40  Roach  
  131  6:44  Roach  
  131  6:49  Roach x2  
  133  6:58  Roach x4  
  133  7:01  Overlord  
  139  7:07  Drone x2  
  140  7:09  Drone x2  
  140  7:10  Drone x3  
  144  7:16  Overlord x2  
  144  7:21  Tunneling Claws  
  144  7:22  Burrow  
  143  7:31  Swarm Host  
  143  7:32  Swarm Host x5  
  143  7:36  Swarm Host  
  164  7:42  Zerg Missile Weapons Level 2  
  164  7:43  Overlord, Swarm Host  
  167  7:46  Swarm Host x2  
  171  7:54  Swarm Host x2  
  171  7:58  Swarm Host  
  174  8:13  Spine Crawler  
  174  8:15  Spine Crawler, Swarm Host x2  
  174  8:16  Swarm Host  
  174  8:17  Roach x11  
  181  8:20  Hatchery, Swarm Host  
  181  8:24  Overlord  
  181  8:26  Swarm Host  
  178  8:45  Roach x9  
  190  8:54  Roach x5  
  192  9:09  Ravager  
  187  9:11  Ravager  
  187  9:12  Roach x2  
  187  9:15  Swarm Host x2  
  192  9:18  Swarm Host  
  192  9:22  Roach x9  
  187  9:28  Hydralisk Den  
  187  9:29  Zergling x16  
  190  9:44  Roach x12  
  196  9:52  Roach x3  
  188  10:02  Roach x5  
  188  10:06  Roach x3  
  184  10:09  Grooved Spines  
  184  10:12  Spore Crawler  
  183  10:18  Roach x6  
  183  10:20  Queen  
  197  10:28  Roach x7  
  191  10:45  Roach x4  
  195  10:51  Roach x4  
  191  11:01  Spire  
  191  11:03  Roach x6  
  196  11:08  Roach x3  
  196  11:09  Roach  
  196  11:10  Overlord x2  
  177  11:11  Zergling x2  
  177  11:12  Zergling x16  
  173  11:20  Roach x5  
  173  11:24  Roach x3  
  177  11:28  Extractor  
Tags
 
Add a new tag
Caveats
  • Supply blocks, unpowered buildings, or Contaminate may cause inaccurate times.
  • Supply counts are checked every 10 seconds.